 Dungeon Crawl Stone Soup version 0.25-a0-160-gd1d2e81aba (console) character file.

Game seed: 5714798703751434882, levelgen mode: deterministic

5022 Kagalorn the Slinger (level 10, -1/71 HPs)
             Began as a Halfling Hunter on Nov 21, 2019.
             Was an Elder of Okawaru.
             Slain by an orc warrior
             ... wielding a +0 glaive
              (23 damage)
             ... on level 9 of the Dungeon.
             The game lasted 00:27:14 (9360 turns).

Kagalorn the Slinger (Halfling Hunter)              Turns: 9360, Time: 00:27:14

Health: -1/71      AC: 15    Str: 24    XL:     10   Next: 84%
Magic:  11/13      EV: 18    Int:  9    God:    Okawaru [****..]
Gold:   601        SH:  0    Dex: 19    Spells: 9/9 levels left

rFire    . . .     SeeInvis .   a - +1 hunting sling
rCold    x . .     Gourm    .   (shield restricted)
rNeg     . . .     Faith    .   y - +0 chain mail
rPois    .         Spirit   .   (no helmet)
rElec    .         Reflect  .   (no cloak)
rCorr    .         Harm     .   A - +1 pair of gloves "Bicecigasch" {rC- Str+8 Dex+3}
MR       .....                  i - +0 pair of boots
Stlth    +.........             (no amulet)
HPRegen  0.21/turn              (no ring)
MPRegen  0.13/turn              (no ring)

@: heroism
A: small, mutation resistance 1
a: Heroism, Renounce Religion


You were on level 9 of the Dungeon.
You worshipped Okawaru.
Okawaru was greatly pleased with you.
You were not hungry.

You visited 2 branches of the dungeon, and saw 10 of its levels.

You collected 616 gold pieces.
You spent 15 gold pieces at shops.

Inventory:

Hand Weapons
 a - a +1 hunting sling (weapon)
 b - a +0 falchion
Missiles
 c - 16 stones (quivered)
 d - 121 sling bullets
Armour
 i - a +0 pair of boots (worn)
 j - a +0 plate armour
 y - a +0 chain mail (worn)
 A - the +1 pair of gloves "Bicecigasch" (worn) {rC- Str+8 Dex+3}
   (You found it on level 7 of the Dungeon)

   It affects your strength (+8).
   It affects your dexterity (+3).
   It makes you vulnerable to cold.
Wands
 z - a wand of iceblast (18)
 F - a wand of clouds (4)
 G - a wand of polymorph (8)
Scrolls
 g - 3 scrolls of immolation {unknown}
 l - 3 scrolls of remove curse
 m - 3 scrolls of enchant weapon {unknown}
 n - 4 scrolls of teleportation
 o - 3 scrolls of fog
 q - a scroll of random uselessness {unknown}
 s - 2 scrolls of magic mapping
 w - 2 scrolls of amnesia
 B - 2 scrolls of blinking {unknown}
 C - a scroll of enchant armour {unknown}
 D - a scroll of holy word {unknown}
 E - 2 scrolls of fear {unknown}
Potions
 e - 3 potions of mutation
 h - 2 potions of heal wounds
 k - 2 potions of berserk rage
 p - 4 potions of lignification
 r - 2 potions of curing
 t - a potion of degeneration
 u - 2 potions of flight
 v - 2 potions of haste
 x - 2 potions of brilliance
Comestibles
 f - 21 rations


   Skills:
 * Level 7.3(12.3) Fighting
 * Level 14.7(19.7) Slings
 + Level 5.1(10.1) Armour
 * Level 5.4(10.4) Dodging
 * Level 1.3(6.3) Stealth
 - Level 5.0 Invocations


You had 9 spell levels left.
You didn't know any spells.
Your spell library was empty.

Dungeon Overview and Level Annotations

Branches:
Dungeon (9/15)             Temple (1/1) D:7            Lair (0/6) D:8
    Orc: D:9-12

Altars:
Ashenzari
Cheibriados
Dithmenos
Elyvilon
Fedhas
Gozag
Hepliaklqana
Kikubaaqudgha
Makhleb
Nemelex Xobeh
Okawaru
Qazlal
Ru
Sif Muna
Trog
Uskayaw
Vehumet
Wu Jian
Xom
Yredelemnul
Zin
The Shining One

Shops:
D:4 %   D:8 !

Annotations:
D:9 2 runed translucent doors, Kagalorn's ghost, novice GnWn


Innate Abilities, Weirdness & Mutations

You are small and have problems with some larger weapons.
You are somewhat resistant to further mutation.


Message History

Firing (i - inventory. (/) - cycle)
c - 19 stones (quivered)
Press: ? - help, Shift-Dir - straight line, f/p - orc warrior
Aim: an orc warrior, wielding a +0 glaive and wearing a +0 chain mail (almost dead, unusually strong)
You shoot a stone.
The stone closely misses the orc warrior.
The orc warrior closely misses you.
Firing (i - inventory. (/) - cycle)
c - 18 stones (quivered)
Press: ? - help, Shift-Dir - straight line, f/p - orc warrior
Aim: an orc warrior, wielding a +0 glaive and wearing a +0 chain mail (almost dead, unusually strong)
You shoot a stone.
The stone barely misses the orc warrior.
The orc wizard gestures wildly while chanting.
The orc wizard blinks!
Firing (i - inventory. (/) - cycle)
c - 17 stones (quivered)
Press: ? - help, Shift-Dir - straight line, f/p - orc warrior
Aim: an orc warrior, wielding a +0 glaive and wearing a +0 chain mail (almost dead, unusually strong)
You shoot a stone. The stone hits the orc warrior.
The orc warrior is almost dead.
The orc warrior hits you from afar with a +0 glaive!!
You die...

.#.# ##..##..#
.#.#.#######..#
.#.#.(........#
.#.#..........#
.#.#####.###### ....#
#.# ....# #.#
....####.### #########..
....##.....# #..@[o§....
##.###.....###.#######.§
#># #.....'..........
#.# #.....##.....#### .#
#.....##.....#
#.....##.....#
#.....##.....#
#.....##.....#
#.....##.....#


You could see an orc warrior.

Vanquished Creatures
  A troll (D:8)
  Prince Ribbit (D:7)
  4 hippogriffs
  A spriggan (D:7)
  2 hungry ghosts
  A soldier ant (D:7)
  An orc warrior (D:8)
  A phantom (D:8)
  An ice beast (D:5)
  2 sky beasts
  A black bear (D:8)
  A centaur (D:7)
  5 wolves (D:8)
  2 ogres
  4 bullfrogs
  3 scorpions (D:7)
  3 electric eels (D:8)
  5 howler monkeys
  A bullfrog zombie (D:5)
  A crimson imp (D:5)
  3 centaur zombies
  5 jellies
  A gnoll shaman (D:7)
  3 orc priests
  3 hounds
  3 bullfrog skeletons
  5 iguanas
  6 orc wizards
  6 worker ants
  A killer bee zombie (D:6)
  2 worker ant zombies
  4 gnolls (D:7)
  16 adders
  A howler monkey skeleton (D:6)
  3 oozes
  An adder skeleton (D:4)
  3 worms
  4 dart slugs
  6 leopard geckos
  41 orcs
  A ball python (D:3)
  14 bats
  5 giant cockroaches
  11 goblins
  8 hobgoblins
  11 jackals
  2 quokkas
  4 frilled lizards
  2 jackal skeletons
  A jackal zombie (D:6)
  6 kobolds
  A leopard gecko zombie (D:6)
  2 quokka zombies
  14 rats
240 creatures vanquished.

Notes
Turn   | Place    | Note
-------+----------+-------------------------------------------
     0 | D:1      | Kagalorn the Halfling Hunter began the quest for the Orb.
     0 | D:1      | Reached XP level 1. HP: 14/14 MP: 1/1
    44 | D:1      | Reached skill level 6 in Slings
   110 | D:1      | Reached XP level 2. HP: 14/19 MP: 2/2
   247 | D:1      | Reached skill level 7 in Slings
   247 | D:1      | Reached XP level 3. HP: 19/24 MP: 3/3
   487 | D:2      | Found a blossoming altar of Fedhas.
   662 | D:2      | Reached XP level 4. HP: 19/29 MP: 4/4
   734 | D:2      | Reached skill level 8 in Slings
   823 | D:2      | You fall into a shaft and drop 1 floor!
   948 | D:3      | Reached XP level 5. HP: 34/34 MP: 5/5
  1113 | D:2      | Reached skill level 9 in Slings
  1637 | D:3      | Found an iron altar of Okawaru.
  1724 | D:3      | Reached XP level 6. HP: 25/39 MP: 6/6
  1905 | D:3      | Became a worshipper of Warmaster Okawaru
  1941 | D:3      | Reached skill level 10 in Slings
  1960 | D:3      | Found a faded altar of an unknown god.
  2617 | D:4      | Reached skill level 11 in Slings
  2617 | D:4      | Reached XP level 7. HP: 26/44 MP: 7/7
  2885 | D:4      | Found Unasadd's Food Shop.
  3230 | D:5      | Entered Level 5 of the Dungeon
  3237 | D:5      | Reached skill level 1 in Armour
  3352 | D:5      | Reached * piety under Okawaru
  3352 | D:5      | Reached skill level 1 in Invocations
  3717 | D:5      | Reached XP level 8. HP: 51/51 MP: 9/9
  3725 | D:5      | Found a white marble altar of Elyvilon.
  3802 | D:5      | Found a shimmering altar of Xom.
  3806 | D:5      | Found a shattered altar of Ashenzari.
  4327 | D:6      | Reached skill level 12 in Slings
  5179 | D:6      | Reached ** piety under Okawaru
  6006 | D:7      | Reached XP level 9. HP: 57/58 MP: 11/11
  6009 | D:7      | Noticed a hippogriff
  6026 | D:7      | Killed a hippogriff
  6026 | D:7      | Reached skill level 5 in Armour
  6256 | D:7      | Reached skill level 5 in Fighting
  6503 | D:7      | Reached *** piety under Okawaru
  6564 | D:7      | Reached skill level 5 in Dodging
  6619 | D:7      | Reached skill level 5 in Invocations
  6625 | D:7      | Noticed Prince Ribbit
  6645 | D:7      | Killed Prince Ribbit
  6682 | D:7      | Got a pair of encrusted gloves
  6691 | D:7      | Identified the +1 pair of gloves "Bicecigasch" {rC- Str+8
                  | Dex+3} (You found it on level 7 of the Dungeon)
  7021 | D:7      | Reached XP level 10. HP: 68/68 MP: 13/13
  7123 | D:7      | Found a staircase to the Ecumenical Temple.
  7132 | Temple   | Entered the Ecumenical Temple
  7531 | D:8      | Found Hodeqobi's Distillery.
  7588 | D:8      | Bought a potion of degeneration for 15 gold pieces
  7617 | D:8      | Reached skill level 13 in Slings
  7625 | D:8      | Found a stormy altar of Qazlal.
  7846 | D:8      | Found an ornate altar of the Wu Jian Council.
  7898 | D:8      | Reached **** piety under Okawaru
  7949 | D:8      | Received a gift from Okawaru
  7965 | D:8      | Reached skill level 14 in Slings
  7980 | D:8      | Found a staircase to the Lair.
  8642 | D:8      | Received a gift from Okawaru
  9266 | D:9      | Found a snail-covered altar of Cheibriados.
  9303 | D:9      | Found a large runed translucent door.
  9303 | D:9      | Found a large runed translucent door.
  9304 | D:9      | Noticed Kagalorn's ghost (novice GnWn)
  9360 | D:9      | Slain by an orc warrior

Levels and vault maps discovered:
D:1:      lightli_molten_gateway, layout_rooms, minmay_pentomino_p2
D:2:      layout_loops_cross, overflow_temple_1_default
D:3:      minmay_diamond_boxcup, layout_rooms, chequers_ecumenical_altar_grove,
          first_ration, okawaru_trees_1
D:4:      layout_gridville, serial_shops, kennysheep_mini
D:5:      layout_basic, minitemple
D:6:      minmay_skewed_foursquare, layout_cave_pools, kennysheep_path_1,
          minmay_misc_feat_enclosed
D:7:      layout_loops_ring, temple_hall, the_bakery, minmay_misc_feat_encased,
          minmay_fractal_squares_gapless_5, uniq_prince_ribbit1
D:8:      layout_loops_corners, overflow_temple_1_default,
          nicolae_qazlal_general_emergency, erik_lair_island, serial_shops,
          shop, serial_bayou_pond_a
D:9:      layout_basic, overflow_temple_1_default, ebering_ghost_disaster_area
Temple:   regret_index_temple_generic_petals

Skill      XL: |  1  2  3  4  5  6  7  8  9 10 |
---------------+-------------------------------+-----
Slings         | 6 7 8 9 11 12 14 | 14.7
Fighting       | 2 4 5 7 |  7.3
Armour         | 1 4 5 |  5.1
Invocations    | 1 3 5 |  5.0
Dodging        | 3 5 |  5.4
Stealth        | |  1.3

Action                   |  1- 3 |  4- 6 |  7- 9 | 10-12 || total
-------------------------+-------+-------+-------+-------++-------
Melee: Short sword       |   156 |   132 |   237 |   163 ||   688
       Falchion          |       |       |       |     8 ||     8
       Hunting sling     |       |       |       |     2 ||     2
 Fire: Hunting sling     |     4 |   197 |   468 |   216 ||   885
Throw: Stone             |       |       |     1 |       ||     1
Invok: Heroism           |       |       |     5 |     4 ||     9
  Use: Scroll            |       |       |    14 |       ||    14
  Eat: Chunk             |       |     6 |    13 |     5 ||    24
       Ration            |       |       |       |     3 ||     3
Armor: Leather armour    |     7 |       |       |       ||     7
       Scale mail        |    77 |    82 |    10 |       ||   169
       Chain mail        |       |       |   177 |   128 ||   305
Dodge: Dodged            |   122 |   142 |   216 |   170 ||   650
       Rpst.: Falchion   |       |       |       |     1 ||     1

Table legend:
 A = Non-vault XP
 B = Vault XP
 C = Vault XP percentage of total XP
 D = Non-vault monster count
 E = Vault monster count
 F = Vault count percentage of total count
                 A         B        C        D         E       F
            +---------+---------+-------+---------+---------+-------
      Total |    5357 |    1818 |  25.3 |     212 |      28 |  11.7
            +---------+---------+-------+---------+---------+-------
        D:1 |      35 |       2 |   5.4 |      19 |       1 |   5.0
        D:2 |     115 |       0 |   0.0 |      42 |       0 |   0.0
        D:3 |     173 |      17 |   8.9 |      34 |       8 |  19.0
        D:4 |     353 |       0 |   0.0 |      23 |       0 |   0.0
        D:5 |     503 |       0 |   0.0 |      15 |       0 |   0.0
        D:6 |     508 |     228 |  31.0 |      13 |       6 |  31.6
        D:7 |    1488 |     595 |  28.6 |      28 |       5 |  15.2
        D:8 |    1894 |     976 |  34.0 |      29 |       8 |  21.6
        D:9 |     288 |       0 |   0.0 |       9 |       0 |   0.0
            +---------+---------+-------+---------+---------+-------
